AoeStats
← 739697286

Arena

506829397Analyzed
4v4 RM · 18d ago on Sep 15, 2026· 11m 49s· 8 players
Game mode
Random Map
Map size
Large (8 player)
Population
200
Speed
Normal
Resources
Standard
Victory
Conquest
Starting age
Dark Age
Ending age
Imperial Age
RankedLock teamsTeams togetherTeam positionsShared explorationLock speedFull tech treeHidden civsTurbo modeCheats
Victory
Defeat
🇨🇳 Romans · China
1542
+13
🇧🇪 Japanese · Belgium
1532
+13
🇨🇳 Franks · China
1436
+17
🇮🇳 Mongols · India
1410
+19
🇨🇳 Britons · China
1497
-17
🇨🇳 Persians · China
1480
-16
🇨🇳 Hindustanis · China
1458
-15
🇨🇳 Bohemians · China
1443
-14
凉拌皮蛋
投掷哥布林
适才相戏尔
4:38 Loom
739697286
NUR
10:08 Feudal Age
11:01 Double-Bit Axe
10:57 Horse Collar
只会种田
9:36 Feudal Age
13:49 Castle Age
11:57 Double-Bit Axe
Whop
8:12 Loom
10:13 Feudal Age
12:19 Fletching
张宇腾
10:54 Feudal Age
Connection lost

Rejoining the realm…

Still unreachable

The connection could not be restored.

Session expired

The server has moved on; the page needs a fresh start.